 Dungeon Crawl Stone Soup version 0.17-a0-1979-g1c74939 (webtiles) character file.

44 Shim the Grasshopper (level 3, -3/25 HPs)
             Began as a High Elf Warper on Oct 5, 2015.
             Killed by nerve-wracking pain
             ... invoked by Jessica
              (7 damage)
             ... on level 2 of the Dungeon.
             The game lasted 00:08:00 (2138 turns).

Shim the Grasshopper (High Elf Warper)              Turns: 2138, Time: 00:08:00

Health: -3/25      AC:  3    Str: 10    XL:     3   Next: 39%
Magic:  7/7        EV: 12    Int: 16    God:
Gold:   10         SH:  4    Dex: 16    Spells: 3 memorised, 1 level left

rFire  . . .     SeeInvis .     a - +0 short sword
rCold  . . .     Clarity  .     b - +0 leather armour
rNeg   + . .     SustAt   .     o - +0 buckler
rPois  .         Gourm    .     (no helmet)
rElec  .         Spirit   .     (no cloak)
rCorr  .         Warding  .     (no gloves)
rMut   .         Stasis   .     (no boots)
MR     .....                    (no amulet)
Stlth  +.........               (no ring)
                                l - ring of positive energy

@: not resistant to hostile enchantments, very unstealthy
A: no striking features
a: no special abilities


You were on level 2 of the Dungeon.
You were not hungry.

You visited 1 branch of the dungeon, and saw 2 of its levels.

You collected 10 gold pieces.

Inventory:

Hand Weapons
 a - a +0 short sword (weapon)
Missiles
 e - 3 tomahawks of dispersal (quivered)
 h - a throwing net
Armour
 b - a +0 leather armour (worn)
 o - a +0 buckler (worn)
Jewellery
 l - a ring of positive energy (left hand)
Scrolls
 d - 2 scrolls of blinking
 g - a scroll of noise {unknown}
 i - a scroll of teleportation {unknown}
 j - 2 scrolls of identify {unknown}
 m - a scroll of remove curse {unknown}
 n - 2 scrolls of random uselessness {unknown}
 q - a scroll of enchant weapon {unknown}
Potions
 k - 2 potions of beneficial mutation {unknown}
 r - a potion of mutation {unknown}
Books
 c - a book of Spatial Translocations

   Spells                             Type                      Level
   a - Apportation                    Translocation                1
   b - Blink                          Translocation                2
   c - Shroud of Golubria             Charms/Translocation         2
   d - Portal Projectile              Translocation                3
   e - Teleport Other                 Translocation                3
   f - Passage of Golubria            Translocation                4
Comestibles
 f - a bread ration
 p - 2 chunks of flesh


   Skills:
 + Level 2.3 Fighting
 + Level 3.0 Short Blades
 + Level 1.1 Throwing
 + Level 1.1 Armour
 + Level 2.7 Dodging
 + Level 0.1 Shields
 + Level 2.5 Spellcasting
 + Level 3.7 Translocations


You had one spell level left.
You knew the following spells:

 Your Spells              Type           Power        Failure   Level  Hunger
a - Apportation           Tloc           ##........   12%         1    #......
b - Blink                 Tloc           N/A          17%         2    ##.....
c - Teleport Other        Tloc           ##......     34%         3    ###....


Dungeon Overview and Level Annotations

Branches:
Dungeon (2/15)

Altars:

Annotations:
D:2 Jessica, Sigmund


Message History

The kobold barely misses you.
You barely miss the kobold.
The kobold is severely wounded.
The kobold hits you but does no damage.
You hit the kobold.
You kill the kobold!
Things that are here:
a short sword; a kobold corpse Jessica the Apprentice Sorceress comes into view.
Jessica zaps a wand.
The puff of flame hits you!
It is a wand of flame.
Found a bread ration.
Jessica zaps a wand.
The puff of flame misses you.
Jessica zaps a wand.
The puff of flame hits you!
* * * LOW HITPOINT WARNING * * *
You see here a bread ration.
Jessica mumbles some strange words.
Jessica seems to speed up.
Jessica casts a spell at you. Pain shoots through your body!
You die...

#..# .. #..# .#
#..####### ### ..#
#........# #.. ..#
##.#####.## #.# ...#
#.##.)...# #.###...###
#.##.....#####.#.......#
#...)...........%..@...#
####.....#####@#.......#
#.....#####.###...###
###.........# ...#
########### ###


You could see Jessica.

Vanquished Creatures
  An ooze (D:1)
  A worm (D:2)
  2 giant cockroaches (D:1)
  8 goblins
  4 hobgoblins
  3 jackals (D:1)
  7 kobolds
  4 bats
  5 rats
35 creatures vanquished.

Notes
Turn   | Place    | Note
--------------------------------------------------------------
     0 | D:1      | Shim the High Elf Warper began the quest for the Orb.
     0 | D:1      | Reached XP level 1. HP: 14/14 MP: 4/4
   248 | D:1      | Reached XP level 2. HP: 2/19 MP: 6/6
   810 | D:1      | Reached skill level 1 in Armour
  1370 | D:1      | Reached XP level 3. HP: 24/24 MP: 7/7
  1752 | D:2      | Noticed Sigmund
  1758 | D:2      | Learned a level 2 spell: Blink
  1762 | D:2      | Learned a level 3 spell: Teleport Other
  2134 | D:2      | Noticed Jessica
  2138 | D:2      | Killed from afar by Jessica

Vault maps used:
D:1:      dpeg_arrival_lava_temple_mockup
D:2:      first_bread, uniq_sigmund, uniq_jessica

Action                   || total
-------------------------++-------
Melee: Short sword       ||   121
Throw: Tomahawk          ||     2
  Eat: Chunk             ||     1
       Meat ration       ||     1
